 Dungeon Crawl Stone Soup version 0.28.0-47-ge53b351184 (webtiles) character file.

Game seed: 3673587417077296846

80 Woods the Magician (level 4, -3/24 HPs)
             Began as a Deep Elf Fire Elementalist on Apr 27, 2022.
             Killed from afar by Sigmund (6 damage)
             ... with a magic dart
             ... on level 3 of the Dungeon.
             The game lasted 00:01:48 (1597 turns).

Woods the Magician (Deep Elf Fire Elementalist)     Turns: 1597, Time: 00:01:48

Health: -3/24      AC:  2    Str:  5    XL:     4   Next: 18%
Magic:  1/12       EV: 12    Int: 22    God:
Gold:   60         SH:  0    Dex: 15    Spells: 2/11 levels left

rFire   . . .      SeeInvis .   (no weapon)
rCold   . . .      Faith    .   (no shield)
rNeg    . . .      Spirit   .   a - +0 robe
rPois   .          Reflect  .   (no helmet)
rElec   .          Harm     .   (no cloak)
rCorr   .          Rampage  .   (no gloves)
Will    .....                   (no boots)
Stlth   ++........              (no amulet)
HPRegen 0.08/turn               (no ring)
MPRegen 0.13/turn               (no ring)

@: no status effects
A: no striking features
a: no special abilities


You were on level 3 of the Dungeon.
You visited 1 branch of the dungeon, and saw 3 of its levels.

You collected 60 gold pieces.

Inventory:

Armour
 a - a +0 robe (worn)
Scrolls
 b - 3 scrolls of identify {unknown}
 d - a scroll of torment {unknown}
 e - 2 scrolls of enchant armour {unknown}
 f - a scroll of teleportation {unknown}
Potions
 c - a potion of degeneration {unknown}
 g - a potion of curing {unknown}
 h - a potion of attraction {unknown}


   Skills:
 - Level 2.6 Dodging
 - Level 2.7 Stealth
 + Level 4.1 Spellcasting
 + Level 2.5 Conjurations
 + Level 4.1 Fire Magic


You had 2 spell levels left.
You knew the following spells:

 Your Spells              Type           Power      Damage    Failure   Level
a - Foxfire               Conj/Fire      76%        2x1d7     2%          1
b - Scorch                Fire           44%        2d7       3%          2
c - Conjure Flame         Conj/Fire      19%        6-21      9%          3
d - Inner Flame           Hex/Fire       13%        N/A       14%         3

Your spell library contained the following spells:

 Spells                   Type           Power      Damage    Failure   Level
 Flame Wave               Conj/Fire      19%        2d6       28%         4


Dungeon Overview and Level Annotations

Branches:
Dungeon (3/15)

Altars:
Fedhas
Qazlal

Annotations:
D:3 Sigmund


Message History

The foxfire hits Sigmund but does no damage.
Sigmund is severely wounded.
The foxfire hits the orc priest.
The orc priest is almost dead.
Casting: Foxfire (safe; 3% risk of failure)
Press: ? - help, Q - select action, (/) - cycle Dir - look around, f - activate You conjure some foxfire!
The foxfire hits the orc priest.
You kill the orc priest!
The foxfire hits Sigmund but does no damage.
Sigmund is severely wounded.
The foxfire hits Sigmund but does no damage.
Sigmund is severely wounded.
Your Spellcasting skill increases to level 4!
Your Fire Magic skill increases to level 4!
You have reached level 4!
You feel clever.
Casting: Foxfire (safe; 2% risk of failure)
Confirm with . or Enter, or press ? or * to list all spells.
Flames lash Sigmund.
Sigmund is severely wounded.
Sigmund's fire resistance burns away.
The foxfire hits Sigmund.
Sigmund is burned terribly!
Sigmund is almost dead.
The foxfire hits Sigmund.
Sigmund is almost dead.
Casting: Scorch (safe; 3% risk of failure)
Confirm with . or Enter, or press ? or * to list all spells.
You don't have enough magic to cast this spell.
Sigmund says, "Your kind have come here before.
I understand now why.
You desire death..."
Casting: Scorch (safe; 3% risk of failure)
Confirm with . or Enter, or press ? or * to list all spells.
You don't have enough magic to cast this spell.
Sigmund is no longer more vulnerable to fire.
Sigmund casts a spell at you. The puff of flame hits you!
* * * LOW HITPOINT WARNING * * *
Sigmund casts a spell at you. The magic dart hits you.
You die...

#.#.. #.# #.#.#
#.# #.#.# #.#
#.#.# #.# #.#.#
#.#
#.#.#####.#.#
#..<...>..#.#
##############.#
.........@...@.#
.........#######
.........#
.........#
.........#
....)..).#
.......).#
......(..#
.........#


You could see Sigmund.

Vanquished Creatures
  An orc priest (D:3)
  2 adders (D:2)
  A dart slug (D:1)
  2 orcs (D:3)
  2 ball pythons (D:2)
  3 endoplasms
  4 goblins
  5 hobgoblins (D:1)
  A quokka (D:2)
  3 bats
  A kobold (D:2)
  4 rats (D:1)
29 creatures vanquished.

Vanquished Creatures (others)
  85 foxfires
85 creatures vanquished.

Grand Total: 114 creatures vanquished

Notes
Turn   | Place    | Note
-------+----------+-------------------------------------------
     0 | D:1      | Woods the Deep Elf Fire Elementalist began the quest for
                  | the Orb.
     0 | D:1      | Reached XP level 1. HP: 10/10 MP: 6/6
   192 | D:1      | Reached XP level 2. HP: 15/15 MP: 1/8
   569 | D:1      | Learned a level 2 spell: Scorch
   774 | D:2      | Reached XP level 3. HP: 19/19 MP: 6/10
   778 | D:2      | Learned a level 3 spell: Conjure Flame
   945 | D:2      | Found a faded altar of an unknown god.
  1131 | D:2      | Identified the +7 short sword of Magnificence {vorpal,
                  | *Slow rPois Int+3}
  1180 | D:2      | Found a stormy altar of Qazlal.
  1490 | D:3      | Found a blossoming altar of Fedhas.
  1496 | D:3      | Noticed Sigmund
  1548 | D:3      | Learned a level 3 spell: Inner Flame
  1591 | D:3      | Reached XP level 4. HP: 10/24 MP: 2/12
  1597 | D:3      | Killed from afar by Sigmund

Illustrated notes

Levels and vault maps discovered:
D:1:      dpeg_arrival_tiny_h, layout_rooms
D:2:      layout_basic, basic_altar, hellmonk_ecumenical_altar_inner_sanctum,
          uniq_crazy_yiuf_cottage
D:3:      layout_basic, fedhas_altar_1, mainiacjoe_overflow_paths,
          mainiacjoe_overflow_cross_hatched, nicolae_figureground_pulse,
          uniq_grinder, uniq_sigmund, uniq_terence

Skill      XL: |  1  2  3 |
---------------+----------+-----
Conjurations   | 2 |  2.5
Spellcasting   | 4 |  4.1
Fire Magic     | 4 |  4.1
Dodging        | |  2.6
Stealth        | |  2.7

Action                   |  1- 3 |  4- 6 || total
-------------------------+-------+-------++-------
Melee: Unarmed           |     1 |       ||     1
 Cast: Foxfire           |    48 |       ||    48
       Scorch            |       |     1 ||     1
Armor: Robe              |     2 |       ||     2
Dodge: Dodged            |     1 |       ||     1
